 Dungeon Crawl Stone Soup version 0.24-a0-781-g048a31f (webtiles) character file.

Game seed: 551631749535224525, levelgen mode: deterministic

202 Geeful the Sneak (level 5, -1/34 HPs)
             Began as an Octopode Fire Elementalist on Oct 8, 2019.
             Slain by a goblin
             ... wielding a +0 dagger
             ... led by Robin
              (2 damage)
             ... on level 3 of the Dungeon.
             The game lasted 00:05:02 (2039 turns).

Geeful the Sneak (Octopode Fire Elementalist)       Turns: 2039, Time: 00:05:03

Health: -1/34      AC:  1    Str:  8    XL:     5   Next: 80%
Magic:  9/9        EV: 14    Int: 18    God:
Gold:   212        SH:  0    Dex: 12    Spells: 8/9 levels left

rFire    . . .     SeeInvis .   c - +0 dagger
rCold    . . .     Gourm    .   (no shield)
rNeg     . . .     Faith    .   (helmet restricted)
rPois    .         Spirit   .   (no amulet)
rElec    .         Reflect  .   (no ring)
rCorr    .         Harm     .   (no ring)
MR       .....                  (no ring)
Stlth    +++.......             (no ring)
HPRegen  0.11/turn              (no ring)
MPRegen  0.11/turn              (no ring)
                                (no ring)
                                (no ring)

@: about to teleport
A: almost no armour, stealthy swim, amphibious, 8 rings, constrict 8, camouflage
1, gelatinous body 1
a: no special abilities


You were on level 3 of the Dungeon.
You were hungry.

You visited 1 branch of the dungeon, and saw 3 of its levels.

You collected 212 gold pieces.

Inventory:

Hand Weapons
 c - a +0 dagger (weapon)
Missiles
 i - 2 poisoned darts (quivered)
Wands
 p - a wand of acid (7)
Scrolls
 d - a scroll of teleportation
 f - a scroll of remove curse {unknown}
 j - 2 scrolls of blinking
 n - a scroll of enchant armour {unknown}
Potions
 e - a potion of curing
 g - a potion of brilliance
 h - 3 potions of lignification
 k - a potion of degeneration {unknown}
 l - a potion of cancellation {unknown}
 m - a potion of might {unknown}
 o - a potion of heal wounds {unknown}
Comestibles
 a - 2 chunks of flesh
 b - 3 rations


   Skills:
 + Level 1.8 Fighting
 + Level 2.9 Dodging
 + Level 4.1 Stealth
 + Level 2.7 Spellcasting
 + Level 2.4 Conjurations
 + Level 3.7 Fire Magic


You had 8 spell levels left.
You knew the following spells:

 Your Spells              Type           Power        Failure   Level  Hunger
a - Flame Tongue          Conj/Fire      ##...        4%          1    None

Your spell library contained the following spells:

 Spells                   Type           Power        Failure   Level  Hunger
 Throw Flame              Conj/Fire      ##....       7%          2    ##.....
 Conjure Flame            Conj/Fire      ##......     14%         3    ###....
 Inner Flame              Hex/Fire       #.......     24%         3    ###....
 Sticky Flame             Conj/Fire      ##......     43%         4    ####...
 Fireball                 Conj/Fire      ##........   78%         5    ######.


Dungeon Overview and Level Annotations

Branches:
Dungeon (3/15)

Altars:
Hepliaklqana
The Shining One

Annotations:
D:3 Robin


Innate Abilities, Weirdness & Mutations

You cannot wear most types of armour.
You are very stealthy in the water. (Stealth+)
You are amphibious.
You can wear up to eight rings at the same time.
You can use your tentacles to constrict eight enemies at once.
Your skin changes colour to match your surroundings (Stealth+).
Your rubbery body absorbs attacks. (AC +1, EV +1)


Message History

Your squeeze misses the goblin. The goblin hits you with a +0 club!
The goblin closely misses you.
You hit the goblin. You grab the goblin.
The goblin is heavily wounded.
You constrict the goblin.
The hobgoblin no longer looks unusually strong.
The goblin barely misses you. The goblin hits you with a +0 dagger.
Robin roars a battlecry!
The hobgoblin goes into a battle-frenzy!
As you read the scroll of teleportation, it crumbles to dust.
You feel strangely unstable.
You constrict the goblin.
You kill the goblin!
The goblin hits you with a +0 dagger.
* * * LOW HITPOINT WARNING * * *
You closely miss the hobgoblin. You grab the hobgoblin.
You constrict the hobgoblin, but do no damage.
The hobgoblin hits you.
* * * LOW HITPOINT WARNING * * *
The goblin hits you with a +0 dagger.
You die...

#.# #.# ###
#.# ..# #.#
#g# #.# #g#
#.# #.# #.#
#g# #g#
#.#####)# #@#
#.....g$####g#
........g..gg#
.............#
...###########
.. #


You could see Robin, 2 hobgoblins and a goblin.

Vanquished Creatures
  Sigmund (D:2)
  A dart slug (D:1)
  A leopard gecko (D:2)
  5 goblins
  7 hobgoblins
  2 jackals (D:3)
  7 kobolds
  7 bats
  A frilled lizard (D:1)
  4 rats
36 creatures vanquished.

Notes
Turn   | Place    | Note
-------+----------+-------------------------------------------
     0 | D:1      | Geeful the Octopode Fire Elementalist began the quest for
                  | the Orb.
     0 | D:1      | Reached XP level 1. HP: 11/11 MP: 3/3
   308 | D:1      | Reached skill level 3 in Stealth
   308 | D:1      | Reached XP level 2. HP: 18/18 MP: 5/5
   851 | D:1      | Reached XP level 3. HP: 20/22 MP: 6/6
  1403 | D:2      | Noticed Sigmund
  1421 | D:2      | Found a glowing golden altar of the Shining One.
  1651 | D:2      | Found a hazy altar of Hepliaklqana.
  1892 | D:2      | Killed Sigmund
  1892 | D:2      | Reached skill level 1 in Fighting
  1892 | D:2      | Reached skill level 4 in Stealth
  1892 | D:2      | Reached XP level 4. HP: 29/29 MP: 6/8
  1892 | D:2      | Reached XP level 5. HP: 34/34 MP: 6/9
  1972 | D:3      | Found a faded altar of an unknown god.
  2018 | D:3      | Noticed Robin
  2039 | D:3      | HP: 1/34 [hobgoblin[Robin] (6)]
  2039 | D:3      | Slain by a goblin

Levels and vault maps discovered:
D:1:      dpeg_arrival_shrine, layout_basic
D:2:      layout_loops_ring, marbit_many_paths, nicolae_overflow_crystal_walls,
          uniq_sigmund
D:3:      layout_loops_ring, xom_butterflies, chequers_ecumenical_altar_island,
          uniq_robin

Skill      XL: |  1  2  3 |
---------------+----------+-----
Stealth        | 3 4 |  4.1
Fighting       | 1 |  1.8
Conjurations   | 2 |  2.4
Dodging        | |  2.9
Spellcasting   | |  2.7
Fire Magic     | |  3.7

Action                   |  1- 3 |  4- 6 || total
-------------------------+-------+-------++-------
Melee: Unarmed           |    10 |       ||    10
       Constrict         |    17 |     4 ||    21
       Dagger            |    71 |    12 ||    83
       Tentacles         |    10 |     1 ||    11
 Cast: Flame Tongue      |     4 |       ||     4
Evoke: Wand              |       |     2 ||     2
  Use: Scroll            |     6 |     1 ||     7
       Potion            |     2 |       ||     2
 Stab: Sleeping          |     6 |     2 ||     8
  Eat: Chunk             |     3 |       ||     3
Armor: Skin              |    11 |       ||    11
Dodge: Dodged            |    57 |    11 ||    68

Table legend:
 A = Non-vault XP
 B = Vault XP
 C = Vault XP percentage of total XP
 D = Non-vault monster count
 E = Vault monster count
 F = Vault count percentage of total count
                 A         B        C        D         E       F
            +---------+---------+-------+---------+---------+-------
      Total |      52 |     237 |  82.0 |      30 |       6 |  16.7
            +---------+---------+-------+---------+---------+-------
        D:1 |      35 |       0 |   0.0 |      20 |       0 |   0.0
        D:2 |      10 |     229 |  95.8 |       6 |       2 |  25.0
        D:3 |       7 |       8 |  53.3 |       4 |       4 |  50.0
            +---------+---------+-------+---------+---------+-------
